 Dungeon Crawl Stone Soup version 0.29-a0-653-gd47aff6735 (webtiles) character file.

Game seed: 8893055292300816277

2293 hquester1 the Cutter (level 9, -4/56 HPs)
             Began as a Kobold Fighter on June 21, 2022.
             Was a Believer of Okawaru.
             Killed by vampiric draining
             ... invoked by a vampire
              (14 damage)
             ... on level 7 of the Dungeon.
             The game lasted 00:21:05 (10613 turns).

hquester1 the Cutter (Kobold Fighter)              Turns: 10613, Time: 00:21:06

Health: -4/56      AC: 13    Str: 16    XL:     9   Next: 67%
Magic:  9/9        EV: 18    Int:  9    God:    Okawaru [**....]
Gold:   256        SH:  8    Dex: 16    Spells: 8/8 levels left

rFire   . . .      SeeInvis +   a - +1 rapier (freeze)
rCold   . . .      Faith    .   c - +2 buckler
rNeg    . . .      Spirit   .   b - +0 scale mail
rPois   .          Reflect  .   y - +2 hat
rElec   .          Harm     .   z - +0 cloak
rCorr   .          Rampage  .   l - +2 pair of gloves
Will    .....                   (no boots)
Stlth   +.........              (no amulet)
HPRegen 0.18/turn               s - ring of see invisible
MPRegen 0.11/turn               h - +4 ring of evasion

@: mighty, attractive
A: small, no large weapons, nightstalker 3
a: Renounce Religion, Heroism


You were on level 7 of the Dungeon.
You worshipped Okawaru.
Okawaru was pleased with you.
You visited 2 branches of the dungeon, and saw 8 of its levels.
You also visited: Sewer.

You collected 454 gold pieces.
You spent 198 gold pieces at shops.

Inventory:

Hand Weapons
 a - a +1 rapier of freezing (weapon)
Armour
 b - a +0 scale mail (worn)
 c - a +2 buckler (worn)
 j - a +0 helmet
 l - a +2 pair of gloves (worn)
 y - a +2 hat (worn)
 z - a +0 cloak (worn)
Jewellery
 e - a ring of wizardry
 h - a +4 ring of evasion (right hand)
 n - a ring of flight
 s - a ring of see invisible (left hand)
 w - a ring of resist corrosion
 C - a +4 ring of protection
Wands
 p - a wand of iceblast (9)
 E - a wand of light (6)
 G - a wand of paralysis (11)
Scrolls
 f - a scroll of immolation
 i - 2 scrolls of fear
 o - 3 scrolls of magic mapping
 q - a scroll of brand weapon
 t - a scroll of blinking
 v - 2 scrolls of teleportation
 B - a scroll of poison {unknown}
 H - a scroll of vulnerability {unknown}
Potions
 d - 2 potions of might
 g - 4 potions of flight
 k - 6 potions of curing
 m - 2 potions of invisibility
 r - a potion of brilliance
 x - 3 potions of haste
 A - 2 potions of berserk rage
 D - a potion of resistance
 F - a potion of attraction


   Skills:
 + Level 6.8 Fighting
 + Level 7.6 Short Blades
 + Level 5.1 Armour
 + Level 6.4 Dodging
 + Level 5.1 Shields


You had 8 spell levels left.
You didn't know any spells.
Your spell library contained the following spells:

 Spells                   Type           Power      Damage    Failure   Level
 Slow                     Hex            0%         N/A       89%         1
 Sting                    Tmut/Pois      0%         1d3       89%         1
 Poisonous Vapours        Pois/Air       0%         N/A       96%         2
 Confusing Touch          Hex            0%         N/A       99%         3
 Gell's Gravitas          Tloc           0%         N/A       99%         3
 Lesser Beckoning         Tloc           0%         N/A       99%         3
 Teleport Other           Tloc           0%         N/A       99%         3
 Vampiric Draining        Necr           0%         2d6       99%         3
 Fulminant Prism          Conj/Hex       0%         3d6       100%        4
 Iskenderun's Mystic Bla  Conj/Tloc      0%         2d3       100%        4
 Olgreb's Toxic Radiance  Pois           0%         N/A       100%        4
 Lee's Rapid Deconstruct  Erth           0%         3d5*      100%        5


Dungeon Overview and Level Annotations

Branches:
Dungeon (7/15)             Temple (1/1) D:5           Sewer (visited)

Altars:
Ashenzari
Cheibriados
Dithmenos
Elyvilon
Fedhas
Gozag
Hepliaklqana
Kikubaaqudgha
Makhleb
Nemelex Xobeh
Okawaru
Qazlal
Ru
Sif Muna
Trog
Uskayaw
Vehumet
Wu Jian
Xom
Yredelemnul
Zin
The Shining One

Shops:
D:5 :*(

Portals:
Abyss: D:4

Annotations:
D:4 2 transporters, Taurus's ghost, amateur MiFi


Innate Abilities, Weirdness & Mutations

You are small and have problems with some larger weapons.
You are completely attuned to the shadows.


Message History

You hit the vampire.
The vampire is moderately damaged.
You hit the vampire but do no damage.
The vampire is moderately damaged.
The vampire misses you. The vampire bites you.
* * * LOW HITPOINT WARNING * * *
The vampire draws strength from your injuries!
It was a potion of attraction.
You feel attractive to monsters. You block the vampire's attack.
The vampire barely misses you.
It was a potion of ambrosia.
You are confused.
You feel invigorated. The vampire barely misses you.
The vampire bites you but does no damage.
You feel very mighty all of a sudden.
The vampire hits you but does no damage.
The vampire misses you.
Found a stone staircase leading down.
You feel less invigorated.
You feel less confused.
You completely miss the vampire.
The vampire is lightly damaged.
The vampire hits you but does no damage.
The vampire barely misses you.
You hit the vampire. You freeze the vampire.
The vampire is moderately damaged.
The vampire barely misses you. The vampire completely misses you.
You hit the vampire.
The vampire is moderately damaged.
The vampire hits you.
* * * LOW HITPOINT WARNING * * *
You block the vampire's attack.
You puncture the vampire!
The vampire is severely damaged.
The vampire closely misses you. You block the vampire's attack.
You hit the vampire.
The vampire is almost destroyed.
You barely miss the vampire.
The vampire is almost destroyed.
The vampire draws life force from you!
You die...

.....[...y
........#.
........##
........## ###
#........###.... #.>
..........###).. #..
#....#.........
#..###....#####†#...
#..@........# ###...
##.V...###..####....
##...### #...##.#...
#...## ###........
##..### ####.....
#...... ......
.......... .......
.......... ........
#......... ....


You could see a vampire (invisible).

Vanquished Creatures
  Edmund (D:6)
  2 black bears
  3 ogres
  A centaur (D:6)
  A phantom (D:6)
  4 kobold brigands (Sewer)
  Blork the orc (D:5)
  A necrophage (D:4)
  2 bullfrogs
  3 scorpions
  4 wights (D:7)
  4 killer bees (D:7)
  2 hounds (D:4)
  2 orc priests (D:4)
  3 jellies
  2 iguanas
  8 adders
  3 river rats
  2 white imps
  8 worms
  2 dart slugs
  12 orcs
  4 bats
  8 endoplasms
  A giant cockroach (D:1)
  8 goblins
  7 hobgoblins
  9 jackals
  17 kobolds
  2 quokkas
  8 ball pythons
  2 frilled lizards (D:2)
  8 rats
145 creatures vanquished.

Notes
Turn   | Place    | Note
-------+----------+-------------------------------------------
     0 | D:1      | hquester1 the Kobold Fighter began the quest for the Orb.
     0 | D:1      | Reached XP level 1. HP: 14/14 MP: 1/1
     7 | D:1      | Noticed a servant of whispers
     7 | D:1      | Noticed a tyrant leech
     7 | D:1      | Noticed an iguana
    68 | D:1      | Reached XP level 2. HP: 14/19 MP: 2/2
    82 | D:1      | Reached skill level 3 in Short Blades
   514 | D:1      | Reached skill level 1 in Dodging
   514 | D:1      | Reached XP level 3. HP: 16/23 MP: 3/3
   718 | D:1      | Found a faded altar of an unknown god.
  1500 | D:1      | Noticed a yaktaur
  2281 | D:2      | Reached XP level 4. HP: 15/29 MP: 4/4
  3421 | D:3      | Found a glowing drain.
  3433 | Sewer    | Entered a sewer
  3673 | Sewer    | Noticed a kobold brigand
  3685 | Sewer    | Killed a kobold brigand
  3686 | Sewer    | Reached skill level 4 in Short Blades
  3686 | Sewer    | Reached XP level 5. HP: 21/33 MP: 5/5
  3944 | Sewer    | Noticed a kobold brigand
  3968 | Sewer    | Reached XP level 6. HP: 26/38 MP: 6/6
  4314 | Sewer    | Reached XP level 7. HP: 10/44 MP: 7/7
  5580 | D:4      | Reached skill level 5 in Short Blades
  5584 | D:4      | Found a sacrificial altar of Ru.
  5823 | D:4      | Reached skill level 5 in Fighting
  5920 | D:4      | Found a shadowy altar of Dithmenos.
  5972 | D:4      | Found a transporter.
  6009 | D:4      | Found a transporter.
  6088 | D:4      | Reached XP level 8. HP: 4/49 MP: 8/8
  7044 | D:4      | Found a one-way gate to the infinite horrors of the Abyss.
  7044 | D:4      | Noticed Taurus's ghost (amateur MiFi)
  7253 | D:5      | Entered Level 5 of the Dungeon
  7281 | D:5      | Found a staircase to the Ecumenical Temple.
  7287 | Temple   | Entered the Ecumenical Temple
  7409 | Temple   | Became a worshipper of Warmaster Okawaru
  7878 | D:5      | Found Ediereaf's General Store.
  7883 | D:5      | Bought a +2 pair of gloves for 198 gold pieces
  7926 | D:5      | Reached skill level 6 in Short Blades
  7990 | D:5      | Found Hibarodd's Book Shoppe.
  8166 | D:5      | Noticed Blork the orc
  8175 | D:5      | Killed Blork the orc
  8176 | D:5      | Reached skill level 5 in Dodging
  8518 | D:5      | Found Werpheu's Antique Weapon Shop.
  8879 | D:6      | Reached * piety under Okawaru
  9001 | D:6      | Reached XP level 9. HP: 55/55 MP: 9/9
  9304 | D:6      | Noticed Edmund
  9323 | D:6      | Killed Edmund
  9324 | D:6      | Reached skill level 7 in Short Blades
  9950 | D:7      | Reached skill level 5 in Armour
  9950 | D:7      | Reached skill level 5 in Shields
 10128 | D:7      | Noticed a two-headed ogre
 10487 | D:7      | Reached ** piety under Okawaru
 10603 | D:7      | HP: 1/56 [vampire (6)]
 10613 | D:7      | Killed from afar by a vampire

Illustrated notes

Levels and vault maps discovered:
D:1:      onia_arrival_zoo_common, layout_basic, ebering_ecumenical_altar_hall
D:2:      layout_loops_corners, minmay_goblin_kobold_house
D:3:      layout_basic, portal_sewer_entry_a, minmay_liquid_box
D:4:      layout_basic, mainiacjoe_overflow_catch_the_wave,
          gammafunk_ghost_abyssal_escape
D:5:      layout_basic, minmay_temple_entry_ruins, serial_shops,
          nicolae_shop_stone, kennysheep_mini_moat, shop, uniq_blork_the_orc
D:6:      layout_basic, uniq_edmund
D:7:      layout_cave_pools, grunt_ministairs_8, dk_vineyard_1,
          nicolae_elevator_lobby_plus
Temple:   mainiacjoe_temple_big_plus

Skill      XL: |  1  2  3  4  5  6  7  8  9 |
---------------+----------------------------+-----
Short Blades   | 3 4 5 6 7 |  7.6
Dodging        | 1 2 3 4 5 6 |  6.4
Fighting       | 4 5 6 |  6.8
Armour         | 3 4 5 |  5.1
Shields        | 3 4 5 |  5.1

Action                   |  1- 3 |  4- 6 |  7- 9 || total
-------------------------+-------+-------+-------++-------
Melee: Rapier            |   129 |   186 |   431 ||   746
  Use: Scroll            |       |       |    18 ||    18
       Potion            |       |       |     5 ||     5
 Stab: Sleeping          |       |       |     1 ||     1
Armor: Scale mail        |    59 |    37 |    89 ||   185
Dodge: Dodged            |    76 |   119 |   251 ||   446
Block: Buckler           |    41 |    41 |   155 ||   237

Table legend: (Time is in decaauts)
 A = Elapsed time spent in this place.
 B = Non-inter-level travel time spent in this place.
 C = Inter-level travel time spent in this place.
 D = Time resting spent in this place.
 E = Time spent auto-exploring this place.
 F = Levels seen in this place.
 G = Mean time per level.
                   A        B        C        D        E       F      G
               +--------+--------+--------+--------+--------+-----+--------+
         Total |  10745 |  10510 |    235 |    538 |   8007 |   9 | 1193.9 |
       Dungeon |   8671 |   8458 |    213 |    518 |   6486 |   7 | 1238.7 |
        Temple |    511 |    489 |     22 |      0 |    471 |   1 |  511.0 |
         Sewer |   1562 |   1562 |      0 |     20 |   1050 |   1 | 1562.0 |
               +--------+--------+--------+--------+--------+-----+--------+

Top non-repeatable levels by time:
     D:4: 1700 daAuts
     D:2: 1593 daAuts
   Sewer: 1562 daAuts
     D:1: 1551 daAuts
     D:6: 1164 daAuts
     D:3: 1002 daAuts
     D:7: 856 daAuts
     D:5: 802 daAuts
  Temple: 511 daAuts
